 Dungeon Crawl Stone Soup version 0.31.0-1-g2c135a008e (webtiles) character file.

Game seed: 6294464612410825054

1 GreatBamboolord the Apothecary (level 1, 0/13 HPs)
             Began as a Demonspawn Alchemist on Jan 20, 2024.
             Slain by an endoplasm (2 damage)
             ... on level 1 of the Dungeon.
             The game lasted 00:00:24 (88 turns).

GreatBamboolord the Apothecary (Demonspawn Alchemist) Turns: 88, Time: 00:00:25

Health: 0/13       AC:  2    Str:  8    XL:     1   Next: 16%
Magic:  0/3        EV: 12    Int: 15    God:
Gold:   22         SH:  0    Dex: 13    Spells: 3/4 levels left

rFire   . . .        (no weapon)
rCold   . . .        (no shield)
rNeg    . . .        a - +0 robe
rPois   .            (no helmet)
rElec   .            (no cloak)
rCorr   .            (no gloves)
SInv    .            (no boots)
Will    .....        (no amulet)
Stlth   ++           (no ring)
HPRegen 0.22/turn    (no ring)
MPRegen 0.08/turn

%: no passive effects
@: no status effects
A: no striking features
a: no special abilities


You were on level 1 of the Dungeon.
You visited 1 branch of the dungeon, and saw 1 of its levels.

You collected 22 gold pieces.

Inventory:

Armour
 a - a +0 robe (worn)
Potions
 b - a potion of magic


   Skills:
 + Level 0.0 Fighting
 * Level 1.8 Dodging
 + Level 1.7 Stealth
 * Level 2.0 Spellcasting
 * Level 1.0 Conjurations
 * Level 3.0 Alchemy


You had 3 spell levels left.
You knew the following spells:

 Your Spells              Type           Power      Damage    Failure   Level
a - Sting                 Conj/Alch      28%        1d4       10%         1

Your spell library contained the following spells:

 Spells                   Type           Power      Damage    Failure   Level
 Mercury Vapours          Alch/Air       12%        N/A       19%         2
 Mephitic Cloud           Conj/Alch/Air  5%         N/A       36%         3
 Olgreb's Toxic Radiance  Alch           10%        N/A       54%         4
 Sticky Flame             Fire/Alch      6%         2d4       75%         4


Dungeon Overview and Level Annotations

Branches:
Dungeon (1/15)

Altars:


Message History

You kill the bat!
You now have 22 gold pieces (gained 12).
A bat comes into view.
A bat is nearby!
Okay, then.
An endoplasm comes into view.
A bat comes into view.
The sting misses the bat.
The bat hits you but does no damage.
The sting misses the bat.
The bat closely misses you.
You miscast Sting.
You are very lightly contaminated with residual magic.
Nothing appears to happen.
The bat hits you.
You are out of magic!
You are out of magic!
The endoplasm quivers.
The bat barely misses you. The bat hits you but does no damage.
The bat barely misses you. The bat completely misses you.
The bat barely misses you. The bat closely misses you.
You hit the bat but do no damage. The bat barely misses you. The bat hits you.
You hit the endoplasm.
The endoplasm is moderately wounded.
The bat closely misses you. The bat barely misses you. The bat misses you.
The endoplasm barely misses you.
You barely miss the endoplasm.
The endoplasm is lightly wounded.
The bat hits you. The bat hits you but does no damage. The bat hits you.
The bat completely misses you. The endoplasm freezes you.
You are frozen.
You are too injured to fight recklessly!
The bat barely misses you. The endoplasm freezes you.
You are frozen.
* * * LOW HITPOINT WARNING * * *
Your magical contamination has completely faded away.
The bat closely misses you.
The endoplasm jiggles.
The endoplasm attacks as it pursues you!
The endoplasm hits you.
You die...

##..##..##..###....># ###
#......##.......#..#†..
##....####....#....#.#####
###### #######..........
####### ####...#.####
.......###.............
...........#...##..###.
.......##....### #..#
.......J@.............
........##.#.........##
......bb..[..###### ..#
........#.##..# ...
..........###.#
..........# ... ..#....#..
.## .##.##. .# #. #. ##


You could see an endoplasm and 2 bats.

Vanquished Creatures
  A bat (D:1)
  A rat (D:1)
2 creatures vanquished.

Notes
Turn   | Place    | Note
-------+----------+-------------------------------------------
     0 | D:1      | GreatBamboolord the Demonspawn Alchemist began the quest
                  | for the Orb.
     0 | D:1      | Reached XP level 1. HP: 13/13 MP: 3/3
    88 | D:1      | Slain by an endoplasm

Illustrated notes

Levels and vault maps discovered:
D:1:      minmay_arrival_wavy_path, layout_rooms,
          dreamdust_ecumenical_altar_statues, amcnicky_mini_pool_small

Action                     || total
---------------------------++-------
  Melee: Unarmed           ||     3
   Cast: Sting             ||     5
 Armour: Robe              ||     8
  Dodge: Dodged            ||    14
